Map: Para Site LE

Players

Kelazhur

  • Race: Terran Terran
  • League: Master
  • Spawn Location: 11:00

Cure - Winner!

  • Race: Terran Terran
  • Spawn Location: 5:00

Event: HomeStory Cup XVIII

VOD

Have the link to the VOD?

Description

Time

  • Played on: Nov. 24, 2018, 5:56 a.m.
  • Length: 8:26

All games in this series

Show
View Real Time Build Order
Export as new Build Order

Kelazhur Terran 

Build Orders: Gas First Reaper Expand, Reaper Expand 

Get SALT Encoding   

  12  0:01  SCV  
  13  0:13  SCV  
  14  0:17  Supply Depot  
  14  0:25  SCV  
  14  0:27  Refinery  
  15  0:39  SCV  
  16  0:44  Barracks  
  16  0:51  SCV  
  17  1:03  SCV  
  18  1:15  SCV  
  19  1:31  Orbital Command, Reaper  
  20  1:51  Command Center  
  20  1:57  SCV  
  21  2:01  Factory  
  21  2:07  Barracks Reactor  
  21  2:11  Supply Depot  
  21  2:13  SCV  
  22  2:18  Refinery  
  22  2:25  SCV  
  23  2:39  SCV  
  23  2:43  Marine x2  
  26  2:46  Hellion  
  26  2:47  Starport  
  28  2:53  SCV  
  29  3:01  Marine x2  
  31  3:06  Orbital Command  
  31  3:10  Factory Tech Lab  
  31  3:14  SCV  
  31  3:19  Marine x2  
  34  3:26  SCV  
  35  3:32  SCV  
  36  3:36  Factory Tech Lab, Raven  
  36  3:37  Marine x2  
  36  3:39  SCV  
  36  3:40  Supply Depot  
  41  3:45  SCV  
  42  3:51  SCV  
  42  3:54  Cyclone  
  42  3:55  Supply Depot  
  46  4:01  SCV, Marine x2  
  49  4:04  SCV  
  49  4:06  Supply Depot  
  50  4:13  SCV  
  50  4:16  SCV  
  52  4:19  Marine x2  
  54  4:26  SCV  
  54  4:29  Refinery, Supply Depot  
  54  4:32  SCV  
  54  4:33  Siege Tank  
  55  4:40  SCV  
  55  4:44  SCV  
  58  4:52  SCV  
  57  4:53  Viking x2  
  57  4:56  SCV  
  57  4:57  Supply Depot  
  62  5:01  Marine  
  62  5:04  SCV  
  62  5:05  Siege Tank  
  62  5:06  Supply Depot  
  67  5:08  SCV  
  68  5:16  SCV  
  68  5:19  Supply Depot  
  68  5:20  SCV, Stimpack  
  70  5:24  Engineering Bay  
  70  5:28  SCV  
  68  5:32  SCV  
  66  5:40  SCV  
  66  5:41  Liberator  
  66  5:44  SCV  
  66  5:45  Siege Tank  
  69  5:52  SCV  
  69  5:56  SCV  
  71  5:58  Marine  
  71  6:02  Command Center  
  71  6:03  Supply Depot  
  75  6:04  SCV  
  75  6:06  Viking  
  75  6:08  SCV  
  79  6:16  SCV  
  79  6:17  Siege Tank  
  83  6:20  SCV  
  83  6:23  Marine  
  85  6:27  Barracks  
  85  6:28  SCV  
  85  6:32  Barracks  
  86  6:33  SCV  
  87  6:41  SCV  
  87  6:46  Marine  
  89  6:49  SCV  
  89  6:50  Refinery  
  89  6:53  SCV  
  91  6:57  Engineering Bay  
  91  6:59  Siege Tank  
  94  7:01  SCV  
  94  7:05  SCV  
  94  7:06  Starport Reactor  
  94  7:07  Supply Depot  
  96  7:10  Armory  
  96  7:13  SCV, Supply Depot  
  97  7:16  Orbital Command  
  97  7:19  SCV  
  97  7:22  Supply Depot  
  98  7:27  Barracks Reactor  
  98  7:30  SCV  
  96  7:38  Siege Tank  
  96  7:40  SCV  
  98  7:45  Viking  
  98  7:47  Viking  
  98  7:49  Marine  
  98  7:50  Supply Depot  
  103  7:54  SCV  
  103  7:56  Marine  
  103  7:59  Marine  
  103  8:03  SCV x2, Barracks, Supply Depot  
  103  8:05  Barracks  
  106  8:07  Marine  
Show
View Real Time Build Order
Export as new Build Order

Cure Terran - Winner!

Build Orders: 1/1/1, Banshee Rush 

Get SALT Encoding   

  12  0:00  SCV  
  13  0:12  SCV  
  14  0:17  Supply Depot  
  14  0:25  SCV  
  14  0:27  Refinery  
  15  0:38  SCV  
  16  0:43  Barracks  
  16  0:50  SCV  
  16  0:54  Refinery  
  17  1:02  SCV  
  18  1:14  SCV  
  19  1:30  Orbital Command, Reaper  
  20  1:34  Factory  
  20  1:47  Supply Depot  
  20  1:55  SCV  
  21  2:02  Reaper  
  21  2:07  SCV  
  23  2:19  Starport, SCV, Hellion  
  26  2:32  SCV  
  26  2:39  Barracks Tech Lab  
  26  2:44  SCV  
  27  2:49  Command Center  
  27  2:54  Supply Depot  
  27  2:56  SCV  
  28  3:08  Cloaking Field  
  28  3:11  Banshee  
  31  3:16  SCV  
  31  3:19  Barracks Reactor  
  32  3:23  Factory Tech Lab  
  32  3:28  SCV  
  33  3:36  Supply Depot  
  33  3:40  SCV  
  34  3:42  Cyclone  
  37  3:52  SCV  
  37  3:53  Refinery  
  38  3:57  Banshee  
  38  4:01  Orbital Command  
  41  4:04  SCV  
  42  4:10  Marine x2  
  44  4:19  Siege Tank  
  44  4:20  SCV  
  44  4:23  Supply Depot  
  48  4:28  Marine x2  
  48  4:29  SCV  
  51  4:32  SCV  
  52  4:42  SCV  
  52  4:43  Raven  
  52  4:44  SCV  
  52  4:45  Supply Depot  
  56  4:47  Marine x2  
  58  4:54  SCV  
  58  4:56  SCV  
  58  4:58  Siege Tank  
  63  5:03  Supply Depot  
  63  5:05  Marine x2  
  63  5:06  SCV  
  66  5:08  SCV  
  66  5:10  Supply Depot  
  67  5:18  SCV  
  67  5:20  SCV  
  69  5:32  SCV x2  
  69  5:35  Siege Tank  
  74  5:41  Supply Depot  
  74  5:42  Viking x2, Marine, Supply Depot  
  79  5:44  Refinery  
  79  5:46  Stimpack  
  79  5:49  SCV x2  
  78  6:00  Marine  
  79  6:04  SCV x2  
  79  6:06  Command Center  
  79  6:07  Siege Tank  
  81  6:15  Viking  
  81  6:16  Viking  
  81  6:17  Marine  
  81  6:18  SCV x2  
  87  6:35  Marine, Barracks  
  87  6:37  Barracks  
  87  6:39  Siege Tank  
  91  6:41  SCV x2  
  91  6:45  Viking  
  94  6:47  Viking  
  94  6:53  SCV x2, Marine  
  99  7:00  Engineering Bay  
  99  7:02  Engineering Bay  
  99  7:05  SCV x2  
  101  7:11  Marine  
  101  7:13  Siege Tank  
  105  7:17  SCV x2  
  105  7:18  Viking x2  
  111  7:25  Orbital Command  
  111  7:29  SCV  
  110  7:30  SCV  
  110  7:34  Barracks Reactor  
  110  7:35  Barracks Reactor  
  110  7:36  Marine  
  104  7:50  SCV x2  
  104  7:51  Viking x2  
  107  8:11  SCV x2  
  107  8:12  SCV  
  115  8:25  Refinery x2  
Tags
 
Add a new tag
Caveats
  • Supply blocks, unpowered buildings, or Contaminate may cause inaccurate times.
  • Supply counts are checked every 10 seconds.